 Dungeon Crawl Stone Soup version 0.30-a0-42-g806c11bf1d (webtiles) character file.

Game seed: 12584685271526258692

133 Destapler the Thaumaturge (level 5, 0/40 HPs)
             Began as a Gnoll Wanderer on Aug 29, 2022.
             Was a Believer of Ru.
             Slain by Grinder (5 damage)
             ... on level 4 of the Dungeon on Aug 30, 2022.
             The game lasted 00:15:44 (4083 turns).

Destapler the Thaumaturge (Gnoll Wanderer)          Turns: 4083, Time: 00:15:45

Health: 0/40       AC:  7    Str: 10    XL:     5   Next: 16%
Magic:  18/18      EV: 11    Int: 12    God:    Ru [**....]
Gold:   173        SH:  6    Dex: 14    Spells: 23/26 levels left

rFire   . . .      SeeInvis .    a - +2 falchion (vorpal)
rCold   . . .      Faith    .    b - +1 buckler
rNeg    . . .      Spirit   .    d - +3 leather armour
rPois   +          Reflect  .    p - +0 helmet
rElec   .          Harm     .    (no cloak)
rCorr   .          Rampage  .    (no gloves)
Will    .....                    (no boots)
Stlth   ++........               w - amulet of the acrobat
HPRegen 0.13/turn                h - ring of poison resistance
MPRegen 0.16/turn                (no ring)

@: very slightly contaminated
A: fangs 1, inability to use devices, strong nose, distributed training
a: Renounce Religion


You were on level 4 of the Dungeon.
You worshipped Ru.
Ru was pleased with you.
You visited 1 branch of the dungeon, and saw 4 of its levels.

You collected 173 gold pieces.

Inventory:

Hand Weapons
 a - a +2 vorpal falchion (weapon)
 s - a +1 dagger of holy wrath
Armour
 b - a +1 buckler (worn)
 d - a +3 leather armour (worn)
 p - a +0 helmet (worn)
Magical Staves
 j - a staff of death
 m - a staff of conjuration
Jewellery
 h - a ring of poison resistance (left hand)
 w - an amulet of the acrobat (around neck)
Scrolls
 c - 3 scrolls of fog
 e - a scroll of fear {unknown}
 f - a scroll of acquirement {unknown}
Potions
 g - a potion of haste {unknown}
 k - 2 potions of heal wounds {unknown}
 n - a potion of magic
 o - 3 potions of curing
 r - a potion of degeneration {unknown}
 t - a potion of lignification {unknown}


   Skills:
 + Level 2.9 Fighting
 + Level 1.4 Short Blades
 + Level 2.9 Long Blades
 + Level 1.4 Axes
 + Level 1.4 Maces & Flails
 + Level 1.4 Polearms
 + Level 1.4 Staves
 + Level 1.4 Ranged Weapons
 + Level 2.9 Throwing
 + Level 1.4 Armour
 + Level 1.4 Dodging
 + Level 1.4 Stealth
 + Level 2.9 Shields
 + Level 1.4 Unarmed Combat
 + Level 11.4 Spellcasting
 + Level 1.1 Conjurations
 + Level 1.1 Hexes
 + Level 1.1 Summonings
 + Level 1.1 Necromancy
 + Level 1.1 Translocations
 + Level 1.1 Transmutations
 + Level 1.1 Fire Magic
 + Level 1.1 Ice Magic
 + Level 1.1 Air Magic
 + Level 1.1 Earth Magic
 + Level 1.1 Poison Magic
 + Level 1.6 Invocations
   Level 0.0 Evocations


You had 23 spell levels left.
You knew the following spells:

 Your Spells              Type           Power      Damage    Failure   Level
a - Shock                 Conj/Air       36%        1d5       12%         1
b - Slow                  Hex            36%        N/A       12%         1
c - Summon Small Mammal   Summ           36%        N/A       12%         1

Your spell library contained the following spells:

 Spells                   Type           Power      Damage    Failure   Level
 Sting                    Tmut/Pois      36%        1d4       12%         1
 Ensorcelled Hibernation  Hex/Ice        18%        N/A       17%         2
 Passwall                 Tmut/Erth      7%         N/A       17%         2
 Wereblood                Tmut           9%         N/A       17%         2
 Inner Flame              Hex/Fire       9%         N/A       34%         3
 Swiftness                Air            9%         N/A       34%         3
 Olgreb's Toxic Radiance  Pois           9%         N/A       75%         4


Dungeon Overview and Level Annotations

Branches:
Dungeon (4/15)
 Temple: D:4-7

Altars:
Ru

Shops:
D:3 :

Annotations:
D:4 Grinder


Innate Abilities, Weirdness & Mutations

You have very sharp teeth.
You cannot study or use magical devices.
Your uncanny sense of smell can sniff out nearby items.
Your experience applies equally to all skills.


Message History

Casting: Shock (safe; 12% risk of failure)
Confirm with . or Enter, or press ? or * to list all spells.
Aiming: Shock (safe; 12% risk of failure)
Press: ? - help, Shift-Dir - straight line, f/p - Grinder
Aim: Grinder (lightly wounded, ally target, 64% to hit)
The zap misses Grinder.
Your bat hits Grinder but does no damage.
Grinder closely misses you.
Your bat barely misses Grinder.
Your bat disappears in a puff of smoke!
Your bat misses Grinder. Grinder gestures at you.
Pain shoots through your body!
* * * LOW HITPOINT WARNING * * *
Your bat disappears in a puff of smoke!
Your bat barely misses Grinder.
Grinder hits you but does no damage.
Casting: Summon Small Mammal (safe; 12% risk of failure)
Confirm with . or Enter, or press ? or * to list all spells.
Aiming: Shock (safe; 12% risk of failure)
Press: ? - help, Shift-Dir - straight line, f - Grinder
Aim: Grinder (lightly wounded, ally target, 64% to hit)
You miscast Shock.
Nothing appears to happen.
Your bat hits Grinder but does no damage.
You block Grinder's attack.
Your rat bites Grinder but does no damage.
It was a potion of magic.
Magic courses through your body.
Your bat barely misses Grinder.
Grinder says, "Just stop there for a second..."
You redirect Grinder's attack!
Grinder closely misses herself.
Your rat closely misses Grinder.
Casting: Shock (safe; 12% risk of failure)
Confirm with . or Enter, or press ? or * to list all spells.
Aiming: Shock (safe; 12% risk of failure)
Press: ? - help, Shift-Dir - straight line, f/p - Grinder
Aim: Grinder (lightly wounded, ally target, 64% to hit)
The zap hits Grinder.
Grinder is moderately wounded.
Your bat barely misses Grinder.
Grinder hits you!
* * * LOW HITPOINT WARNING * * *
You writhe in agony.
You die...

*,,,,,,,,,,,,* ******,,,,,,,,,,,
*,,,,,,,,,,,,****,,,,,,,,,,******
*,,,,,,,,,,,,+,,+,,,,,,,,,,+>,,*
*,,,,,,,,,,,,****,,,,,,,,,,*,****
*,,,,,,,,,,,,* *,,,,,,,,,,+,,,,,
,,,****,,,**** ******,,,,,*,****
**** ****,* ##########...,,*,*
*,,,,**#............,,*,*
*,,,,+,#...@.....###***,****
*,,,,#......5....# *,*,,,
*,,,,###....r....# *,*,,, *,,,,*
#....b....# *,*,,,
*,,,,*##.........# *,***,
***,,,..?........# *,* *,
*,,,...........# *,* *,
*,,............# *,* *,
*,,,...hh...<..# *,***,


You could see Grinder (ally target), a friendly bat (summoned) and a friendly
rat (summoned).

Vanquished Creatures
  An orc wizard (D:3)
  2 adders
  An ufetubus (D:3)
  2 worms
  2 dart slugs
  4 orcs
  An endoplasm (D:1)
  3 giant cockroaches
  4 hobgoblins
  4 jackals (D:4)
  2 quokkas (D:2)
  7 ball pythons
  7 bats
  9 frilled lizards
  14 goblins
  3 kobolds (D:1)
  8 rats
74 creatures vanquished.

Vanquished Creatures (others)
  An orc (D:3)
  16 plants
17 creatures vanquished.

Grand Total: 91 creatures vanquished

Notes
Turn   | Place    | Note
-------+----------+-------------------------------------------
     0 | D:1      | Reached skill level 11 in Spellcasting
     0 | D:1      | Destapler the Gnoll Wanderer began the quest for the Orb.
     0 | D:1      | Destapler set off with the following items: a +0 falchion,
                  | a +0 buckler, a scroll of fog, a +0 robe; and the following
                  | spells available to memorise: Shock, Slow, Summon Small
                  | Mammal, Inner Flame.
     0 | D:1      | Reached XP level 1. HP: 17/17 MP: 12/12
     2 | D:1      | Learned a level 1 spell: Shock
     4 | D:1      | Learned a level 1 spell: Slow
     6 | D:1      | Learned a level 1 spell: Summon Small Mammal
    48 | D:1      | You fall into a shaft and drop 1 floor!
   345 | D:1      | Reached XP level 2. HP: 20/23 MP: 14/14
   594 | D:1      | Got Feiciwu's Cyclopedia of Sculpting and Pestilence
   900 | D:1      | Found a faded altar of an unknown god.
   905 | D:1      | Reached XP level 3. HP: 28/28 MP: 12/15
  1018 | D:1      | Upgraded the game from 0.30-a0-39-g42789b21ef to
                  | 0.30-a0-42-g806c11bf1d
  1030 | D:1      | Prayed at the altar of an unknown god.
  1030 | D:1      | Became a worshipper of Ru the Awakened
  1047 | D:1      | Gained mutation: You cannot study or use magical devices.
                  | [Ru sacrifice]
  1047 | D:1      | Reached * piety under Ru
  1047 | D:1      | Reached ** piety under Ru
  1639 | D:2      | Reached skill level 1 in Invocations
  1858 | D:2      | Reached skill level 1 in Short Blades
  1858 | D:2      | Reached skill level 1 in Axes
  1858 | D:2      | Reached skill level 1 in Maces & Flails
  1858 | D:2      | Reached skill level 1 in Polearms
  1858 | D:2      | Reached skill level 1 in Staves
  1858 | D:2      | Reached skill level 1 in Ranged Weapons
  1858 | D:2      | Reached skill level 1 in Armour
  1858 | D:2      | Reached skill level 1 in Dodging
  1858 | D:2      | Reached skill level 1 in Stealth
  1858 | D:2      | Reached skill level 1 in Unarmed Combat
  2530 | D:3      | Reached XP level 4. HP: 27/34 MP: 13/17
  2534 | D:3      | Reached skill level 1 in Conjurations
  2534 | D:3      | Reached skill level 1 in Hexes
  2534 | D:3      | Reached skill level 1 in Summonings
  2534 | D:3      | Reached skill level 1 in Necromancy
  2534 | D:3      | Reached skill level 1 in Translocations
  2534 | D:3      | Reached skill level 1 in Transmutations
  2534 | D:3      | Reached skill level 1 in Fire Magic
  2534 | D:3      | Reached skill level 1 in Ice Magic
  2534 | D:3      | Reached skill level 1 in Air Magic
  2534 | D:3      | Reached skill level 1 in Earth Magic
  2534 | D:3      | Reached skill level 1 in Poison Magic
  3244 | D:3      | Reached XP level 5. HP: 40/40 MP: 13/18
  3701 | D:3      | Found Lipp's Book Boutique.
  3965 | D:4      | Noticed Grinder
  4061 | D:4      | Paralysed by Grinder for 4 turns
  4068 | D:4      | Paralysed by Grinder for 3 turns
  4083 | D:4      | Slain by Grinder

Illustrated notes

Levels and vault maps discovered:
D:1:      dpeg_arrival_arbitrary_b, layout_basic,
          dreamdust_ecumenical_altar_statues, minivault_23, minmay_lizard_pond
D:2:      layout_loops_ring
D:3:      wad_woods_pond, layout_basic, serial_shops,
          nicolae_shop_advertising_works [nicolae_subvault_shop_adworks],
          minmay_goblin_outpost
D:4:      dreamdust_elfheim, layout_basic, makhleb_heckhound_becter,
          serial_shops, nicolae_shop_hallway_plus,
          lightli_ossuary_entry_decrepit_ruins, serial_bayou_ford_a,
          uniq_grinder

Skill      XL: |  1  2  3  4 |
---------------+-------------+-----
Spellcasting   | | 11.4
Invocations    | 1 |  1.6
Short Blades   | 1 |  1.4
Axes           | 1 |  1.4
Maces & Flails | 1 |  1.4
Polearms       | 1 |  1.4
Staves         | 1 |  1.4
Ranged Weapons | 1 |  1.4
Armour         | 1 |  1.4
Dodging        | 1 |  1.4
Stealth        | 1 |  1.4
Unarmed Combat | 1 |  1.4
Conjurations   | 1 |  1.1
Hexes          | 1 |  1.1
Summonings     | 1 |  1.1
Necromancy     | 1 |  1.1
Translocations | 1 |  1.1
Transmutations | 1 |  1.1
Fire Magic     | 1 |  1.1
Ice Magic      | 1 |  1.1
Air Magic      | 1 |  1.1
Earth Magic    | 1 |  1.1
Poison Magic   | 1 |  1.1
Fighting       | |  2.9
Long Blades    | |  2.9
Throwing       | |  2.9
Shields        | |  2.9

Action                   |  1- 3 |  4- 6 || total
-------------------------+-------+-------++-------
Melee: Falchion          |    44 |    20 ||    64
       Bite              |     3 |     1 ||     4
 Cast: Shock             |    78 |    67 ||   145
       Slow              |     3 |     2 ||     5
       Summon Small Mamm |     2 |     5 ||     7
Invok: Sacrifice Artific |     1 |       ||     1
  Use: Scroll            |       |     5 ||     5
       Potion            |       |     1 ||     1
Armor: Robe              |     7 |       ||     7
       Leather armour    |     2 |    21 ||    23
Dodge: Dodged            |    23 |    24 ||    47
Block: Buckler           |     6 |    12 ||    18

Table legend: (Time is in decaauts)
 A = Elapsed time spent in this place.
 B = Non-inter-level travel time spent in this place.
 C = Inter-level travel time spent in this place.
 D = Time resting spent in this place.
 E = Time spent auto-exploring this place.
 F = Levels seen in this place.
 G = Mean time per level.
                   A        B        C        D        E       F      G
               +--------+--------+--------+--------+--------+-----+--------+
         Total |   4101 |   3833 |    268 |    627 |   2588 |   4 | 1025.2 |
       Dungeon |   4101 |   3833 |    268 |    627 |   2588 |   4 | 1025.2 |
               +--------+--------+--------+--------+--------+-----+--------+

Top non-repeatable levels by time:
     D:3: 1492 daAuts
     D:1: 1346 daAuts
     D:2: 1209 daAuts
     D:4: 53 daAuts
